 Dungeon Crawl Stone Soup version 0.31-a0-716-gc7603755dd (webtiles) character file.

Game seed: 13593110222757053045

12698 Xavori the Unseen (level 11, -1/75 HPs)
             Began as an Octopode Chaos Knight on Sept 10, 2023.
             Was a Plaything of Xom.
             Slain by an orc warrior
             ... wielding a +0 dire flail
              (9 damage)
             ... on level 9 of the Dungeon.
             The game lasted 00:15:50 (16059 turns).

Xavori the Unseen (Octopode Chaos Knight)          Turns: 16059, Time: 00:15:51

Health: -1/75      AC:  9    Str: 12    XL:     11   Next: 97%
Magic:  9/9        EV: 16    Int: 12    God:    Xom [.*....]
Gold:   2734       SH:  5    Dex: 16    Spells: 10/10 levels left

rFire   + . .        D - +2 dagger (speed)
rCold   . . .        C - +0 buckler
rNeg    + . .        (helmet restricted)
rPois   .            o - amulet of regeneration
rElec   .            c - +4 ring of protection
rCorr   .            s - ring of protection from fire
SInv    .            u - ring of positive energy
Will    .....        (no ring)
Stlth   +++++++      (no ring)
HPRegen 1.12/turn    (no ring)
MPRegen 0.11/turn    (no ring)
                     (no ring)

%: no passive effects
@: no status effects
A: almost no armour, amphibious, 8 rings, camouflage 1, gelatinous body 1,
(nimble swimmer 1), tentacles, iridescent scales 2, dopey 1, low MP 1, inability
to read after injury 1, MP-powered wands
a: Renounce Religion


You were on level 9 of the Dungeon.
You worshipped Xom.
You were a plaything of Xom.
You visited 1 branch of the dungeon, and saw 10 of its levels.

You collected 2889 gold pieces.
You spent 155 gold pieces at shops.

Inventory:

Hand Weapons
 m - a +0 short sword of protection
 y - a +2 short sword of venom
 D - a +2 dagger of speed (weapon)
Armour
 C - a +0 buckler (worn)
Jewellery
 c - a +4 ring of protection (left tentacle)
 j - an amulet of reflection
 o - an amulet of regeneration (around mantle)
 s - a ring of protection from fire (right tentacle)
 u - a ring of positive energy (on tentacle)
Talismans
 H - a maw talisman
Wands
 a - a wand of light (5)
 z - a wand of iceblast (2)
 E - a wand of flame (12)
 F - a wand of digging (6)
 G - a wand of mindburst (3)
Scrolls
 b - 3 scrolls of butterflies
 f - 3 scrolls of teleportation
 i - 4 scrolls of amnesia
 k - 3 scrolls of fear
 n - a scroll of brand weapon
 r - 2 scrolls of immolation
 t - 2 scrolls of fog
 x - 2 scrolls of revelation
 A - a scroll of poison
Potions
 d - a potion of mutation
 e - 3 potions of heal wounds {unknown}
 g - a potion of curing
 l - a potion of haste
 p - a potion of berserk rage {unknown}
 q - 2 potions of might
 v - 2 potions of ambrosia
 w - a potion of magic


   Skills:
 + Level 7.1 Fighting
 + Level 8.6 Short Blades
 + Level 7.4 Dodging
 + Level 15.2 Stealth
 + Level 2.3 Shields
 + Level 3.1 Evocations
 * Level 7.2 Shapeshifting


You had 10 spell levels left.
You didn't know any spells.
Your spell library contained the following spells:

 Spells                   Type           Power      Damage    Failure   Level
 Apportation              Tloc           0%         N/A       43%         1
 Magic Dart               Conj           0%         1d3       43%         1
 Sandblast                Erth           0%         2d4       43%         1
 Summon Small Mammal      Summ           0%         N/A       43%         1
 Call Imp                 Summ           0%         N/A       56%         2
 Cigotuvi's Dreadful Rot  Necr/Pois/Air  0%         N/A       56%         2
 Jinxbite                 Hex            0%         N/A       56%         2
 Call Canine Familiar     Summ           0%         N/A       80%         3
 Gell's Gravitas          Tloc           0%         N/A       80%         3
 Ignite Poison            Fire/Tmut/Pois 0%         N/A       80%         3
 Mephitic Cloud           Conj/Pois/Air  0%         N/A       80%         3
 Summon Guardian Golem    Hex/Summ       0%         N/A       80%         3
 Anguish                  Hex/Necr       0%         N/A       99%         4
 Cause Fear               Hex            0%         N/A       99%         4
 Iskenderun's Mystic Bla  Conj/Tloc      0%         2d3       99%         4
 Petrify                  Tmut/Erth      0%         N/A       99%         4
 Alistair's Intoxication  Tmut/Pois      0%         N/A       100%        5
 Freezing Cloud           Conj/Ice/Air   0%         6-21      100%        5
 Dispersal                Tloc           0%         N/A       100%        6
 Enfeeble                 Hex            0%         N/A       100%        7


Dungeon Overview and Level Annotations

Branches:
Dungeon (10/15)            Temple (0/1) D:7            Lair (0/5) D:8
    Orc: D:9-12

Altars:
Ashenzari
Dithmenos
Hepliaklqana
Kikubaaqudgha
Makhleb
Okawaru
Trog
Wu Jian
Xom
Yredelemnul
Zin

Shops:
D:4 [   D:8 *

Portals:
Trove: D:10 (give +7 demon blade)

Annotations:
D:10 Fannar


Innate Abilities, Weirdness & Mutations

You cannot wear most types of armour.
You are amphibious.
You can wear up to eight rings at the same time.
Your skin changes colour to match your surroundings (Stealth+).
Your rubbery body absorbs attacks. (AC +1, EV +1)
((You are camouflaged when in or above water. (Stealth+)))
You have tentacles for arms and can constrict up to eight enemies at once.
You are mostly covered in iridescent scales. (AC +4)
You are dopey. (Int -2)
Your magical capacity is low. (-10% MP)
You occasionally lose the ability to read scrolls when taking damage.
You expend magic power (3 MP) to strengthen your wands.


Message History

You barely miss something. You hit something. Something hits you!
You miss something. You hit something. Something hits you.
You hit something but do no damage. Your squeeze misses something.
You miss something. Your squeeze misses something. You hit something.
Something barely misses you.
You closely miss something. You closely miss something.
Your squeeze misses something. Something hits you.
You hit something but do no damage. Your squeeze misses something.
You hit something but do no damage. You squeeze something.
You closely miss something. Something hits you but does no damage.
You closely miss something.
Okay, then.
You miss something. You squeeze something. Something hits you!
You hit something but do no damage. You miss something.
Your squeeze misses something. You barely miss something.
Your squeeze misses something. Something hits you.
You hit something but do no damage. You hit something but do no damage.
Your squeeze misses something. Something hits you.
* * * LOW HITPOINT WARNING * * *
You hit something but do no damage. You closely miss something.
You block something's attack.
You closely miss something. You squeeze something.
You hit something but do no damage. You hit something.
Something closely misses you.
You barely miss something. You hit something but do no damage.
Something hits you!
* * * LOW HITPOINT WARNING * * *
You hit something. Your squeeze misses something.
You completely miss something. Something hits you but does no damage.
You hit something but do no damage. You squeeze something.
You hit something but do no damage. You squeeze something. Something hits you!
* * * LOW HITPOINT WARNING * * *
You hit something but do no damage. You miss something.
You barely miss something. Something hits you!
You die... "It was about time."

##......#...........##...).....
#......###...........#.)..)....
#...........##............)....
##....####....>..........).....
###..#####............).......
##..##......................
#..#.......................
###......<.................
#.......@{...............
##..[.......#..........##
#..)[#.#..##..>......###
#....###..###.#.####.###
##....###......#####...##
##.#..#..........#.###..##
##..#...............###.###
#.....)..............#..#
###..##.....###..###....###


There were no monsters in sight!

Vanquished Creatures
  A vault guard (D:10)
  2 two-headed ogres
  6 hell knights (D:10)
  3 necromancers (D:10)
  Joseph (D:9)
  A wind drake (D:8)
  Grinder (D:5)
  A yak (D:10)
  2 wyverns
  A wraith (D:10)
  Menkaure (D:5)
  7 hell hounds (D:10)
  2 orc warriors
  4 black bears
  2 ice beasts
  2 sky beasts (D:6)
  3 ogres
  3 wolves (D:8)
  A centaur (D:8)
  2 phantoms
  A kobold brigand (D:9)
  A bullfrog (D:8)
  2 gnoll sergeants (D:9)
  2 scorpions
  14 wights
  A ballistomycete (D:7)
  6 killer bees (D:9)
  An electric eel (D:8)
  2 howler monkeys
  7 hounds
  2 jellies
  3 orc priests
  Jessica (D:3)
  2 orc wizards
  3 iguanas
  12 gnolls
  3 adders
  3 white imps
  4 ufetubi
  5 worms (D:5)
  2 dart slugs
  24 orcs
  5 ball pythons
  9 endoplasms
  2 giant cockroaches
  5 goblins
  13 hobgoblins
  5 quokkas
  9 bats
  3 frilled lizards
  12 kobolds
  3 rats
  3 ballistomycete spores (D:7)
216 creatures vanquished.

Vanquished Creatures (collateral kills)
  An orc warrior (D:7)
  2 wights (D:9)
  An orc priest (D:7)
4 creatures vanquished.

Vanquished Creatures (others)
  2 ballistomycete spores (D:7)
2 creatures vanquished.

Grand Total: 222 creatures vanquished

Notes
Turn   | Place    | Note
-------+----------+-------------------------------------------
     0 | D:1      | Xavori the Octopode Chaos Knight began the quest for the
                  | Orb.
     0 | D:1      | Reached XP level 1. HP: 16/16 MP: 1/1
    82 | D:1      | Reached XP level 2. HP: 15/21 MP: 2/2
    84 | D:1      | XOM: potion effect (brilliance)
   195 | D:1      | XOM: divination: magic mapping
   381 | D:1      | Found a faded altar of an unknown god.
   388 | D:1      | XOM: silly message
   477 | D:1      | Reached XP level 3. HP: 26/26 MP: 3/3
   492 | D:1      | Got the Verses on Planar Topography
   721 | D:1      | XOM: silly message
  1232 | D:1      | XOM: silly message
  1276 | D:1      | XOM: divination: detect items
  1908 | D:1      | XOM is BORED!
  1908 | D:1      | XOM: silly message
  2111 | D:1      | XOM: silly message
  2255 | D:1      | XOM: divination: detect creatures
  2377 | D:1      | XOM is BORED!
  2377 | D:1      | XOM: silly message
  2805 | D:1      | XOM: silly message
  3854 | D:1      | XOM: give mutations
  3854 | D:1      | Gained mutation: Your muscles are strong. (Str +4, Int/Dex
                  | -1) [Xom's grace]
  3854 | D:1      | Gained mutation: Your flesh is heat resistant. (rF+) [Xom's
                  | grace]
  4171 | D:1      | XOM: stat loss: -1 Dex (11/12)
  4363 | D:1      | XOM is BORED!
  4652 | D:1      | XOM: noise
  4686 | D:1      | XOM: god gift: 1110 gold pieces
  5080 | D:1      | XOM: god gift: staff of conjuration
  5208 | D:1      | XOM: god gift: runed leather armour {god gift}
  6228 | D:1      | XOM: summons 2 hostile demons
  6751 | D:1      | XOM: give mutations
  6751 | D:1      | Gained mutation: Your mind is acute. (Int +4, Str/Dex -1)
                  | [Xom's mischief]
  6751 | D:1      | Lost mutation: Your flesh is heat resistant. (rF+) [Xom's
                  | mischief]
  6751 | D:1      | Lost mutation: Your mind is acute. (Int +4, Str/Dex -1)
                  | [Xom's mischief]
  6751 | D:1      | Gained mutation: Your magical capacity is low. (-10% MP)
                  | [Xom's mischief]
  6956 | D:1      | XOM: give mutation
  6956 | D:1      | Gained mutation: You are agile. (Dex +4, Str/Int -1) [Xom's
                  | mischief]
  8038 | D:1      | XOM: noise
  8288 | D:1      | XOM is BORED!
  8288 | D:1      | XOM: give mutation
  8288 | D:1      | Gained mutation: You occasionally lose the ability to read
                  | scrolls when taking damage. [Xom's mischief]
  8587 | D:1      | XOM: give mutations
  8587 | D:1      | Lost mutation: Your magical capacity is low. (-10% MP)
                  | [Xom's mischief]
  8587 | D:1      | Gained mutation: You are partially covered in iridescent
                  | scales. (AC +2) [Xom's mischief]
  8587 | D:1      | Lost mutation: Your muscles are strong. (Str +4, Int/Dex
                  | -1) [Xom's mischief]
  8587 | D:1      | Lost mutation: You are partially covered in iridescent
                  | scales. (AC +2) [Xom's mischief]
  8961 | D:1      | XOM: summons 2 hostile demons
  9096 | D:2      | XOM: give mutations
  9096 | D:2      | Gained mutation: You are partially covered in iridescent
                  | scales. (AC +2) [Xom's mischief]
  9096 | D:2      | Gained mutation: Your magical capacity is low. (-10% MP)
                  | [Xom's mischief]
  9250 | D:2      | Reached skill level 1 in Stealth
  9359 | D:2      | Found a broken altar of Ashenzari.
  9630 | D:3      | Noticed Jessica
  9634 | D:3      | Killed Jessica
  9635 | D:3      | Reached skill level 2 in Stealth
  9635 | D:3      | Reached XP level 4. HP: 33/33 MP: 3/3
  9741 | D:3      | Reached skill level 3 in Stealth
  9874 | D:3      | Found an iron altar of Okawaru.
 10223 | D:4      | Noticed a scorpion
 10238 | D:4      | Killed a scorpion
 10239 | D:4      | Reached skill level 4 in Stealth
 10239 | D:4      | Reached XP level 5. HP: 37/37 MP: 4/4
 10273 | D:4      | Reached skill level 5 in Stealth
 10315 | D:4      | Noticed an ogre
 10316 | D:4      | XOM: silly message
 10336 | D:4      | XOM: silly message
 10340 | D:4      | Reached XP level 6. HP: 42/43 MP: 5/5
 10434 | D:4      | Identified a scroll of acquirement
 10475 | D:4      | Found a glowing silver altar of Zin.
 10476 | D:4      | Found a hazy altar of Hepliaklqana.
 10476 | D:4      | Found an ornate altar of the Wu Jian Council.
 10495 | D:4      | Reached skill level 6 in Stealth
 10616 | D:4      | Found Cecaom's Antique Armour Emporium.
 10629 | D:4      | XOM: divination: detect creatures
 10634 | D:4      | XOM: potion effect (attraction)
 10636 | D:4      | XOM: divination: detect creatures
 10643 | D:4      | Reached skill level 1 in Shapeshifting
 10791 | D:4      | Reached XP level 7. HP: 45/47 MP: 6/6
 10914 | D:5      | Entered Level 5 of the Dungeon
 10929 | D:5      | Reached skill level 7 in Stealth
 10973 | D:5      | XOM: noise
 10975 | D:5      | Noticed Grinder
 11011 | D:5      | XOM: potion effect (invisibility)
 11036 | D:5      | Paralysed by Grinder for 5 turns
 11050 | D:5      | Killed Grinder
 11075 | D:5      | XOM: 1-stop teleportation journey
 11083 | D:5      | Reached skill level 5 in Short Blades
 11083 | D:5      | Reached skill level 8 in Stealth
 11083 | D:5      | Reached XP level 8. HP: 54/54 MP: 7/7
 11089 | D:5      | XOM: noise
 11190 | D:5      | XOM: silly message
 11292 | D:5      | XOM: noise
 11579 | D:5      | Noticed Menkaure
 11586 | D:5      | Killed Menkaure
 11754 | D:6      | XOM: silly message
 11776 | D:6      | XOM: enchant monster (bad)
 11895 | D:6      | Reached skill level 9 in Stealth
 11924 | D:6      | Found a bloodstained altar of Trog.
 12311 | D:6      | Reached XP level 9. HP: 60/60 MP: 8/8
 12331 | D:6      | Reached skill level 10 in Stealth
 12479 | D:7      | Found a shadowy altar of Dithmenos.
 12583 | D:7      | Reached skill level 5 in Fighting
 12612 | D:7      | Found a staircase to the Ecumenical Temple.
 12705 | D:7      | XOM: polymorph sleepcap -> ballistomycete
 13223 | D:8      | Noticed a two-headed ogre
 13224 | D:8      | XOM: chaos upgrade
 13233 | D:8      | XOM: chaos cloud
 13236 | D:8      | Killed a two-headed ogre
 13236 | D:8      | Paralysed by you for 5 turns
 13237 | D:8      | Reached skill level 5 in Dodging
 13237 | D:8      | Reached skill level 11 in Stealth
 13237 | D:8      | Reached skill level 1 in Evocations
 13252 | D:8      | Found Vuotiyh's General Store.
 13295 | D:8      | XOM: chaos cloud
 13519 | D:8      | Acquired 1098 gold pieces
 13601 | D:8      | XOM: give mutations
 13601 | D:8      | Gained mutation: You expend magic power (3 MP) to
                  | strengthen your wands. [Xom's mischief]
 13601 | D:8      | Gained mutation: You are mostly covered in iridescent
                  | scales. (AC +4) [Xom's mischief]
 13601 | D:8      | Lost mutation: You are agile. (Dex +4, Str/Int -1) [Xom's
                  | mischief]
 13601 | D:8      | Gained mutation: You are dopey. (Int -2) [Xom's mischief]
 13603 | D:8      | Found a staircase to the Lair.
 13622 | D:8      | XOM: confusion
 13635 | D:8      | Noticed a troll
 13635 | D:8      | XOM: chaos cloud
 13656 | D:8      | Reached XP level 10. HP: 39/64 MP: 9/9
 13662 | D:8      | Reached skill level 5 in Shapeshifting
 13669 | D:8      | XOM: enchant monster (good)
 13687 | D:8      | XOM: cast spell 'Cause Fear'
 13712 | D:8      | XOM: divination: detect creatures
 13723 | D:8      | XOM: divination: magic mapping
 13730 | D:8      | XOM: polymorph troll -> wind drake
 13742 | D:8      | XOM: torment (24/67 hp)
 13755 | D:8      | Reached skill level 12 in Stealth
 13963 | D:8      | XOM: confusion
 14058 | D:8      | Identified the +0 chain mail of Gucuw {Will++ SInv}
 14091 | D:8      | Bought 2 potions of curing for 60 gold pieces
 14091 | D:8      | Bought a scroll of brand weapon for 95 gold pieces
 14100 | D:8      | XOM: enchant monster (bad)
 14223 | D:8      | XOM: divination: detect items
 14237 | D:9      | Noticed a two-headed ogre
 14245 | D:9      | Killed a two-headed ogre
 14402 | D:9      | Noticed Joseph
 14414 | D:9      | Killed Joseph
 14418 | D:9      | XOM: cast spell 'Dispersal'
 14452 | D:9      | XOM: cast spell 'Leda's Liquefaction'
 14504 | D:9      | Found an ancient bone altar of Kikubaaqudgha.
 14504 | D:9      | Found a broken altar of Ashenzari.
 14504 | D:9      | Found a burning altar of Makhleb.
 14504 | D:9      | XOM: 7-stop teleportation journey
 14917 | D:9      | Found a shimmering altar of Xom.
 14917 | D:9      | Found a basalt altar of Yredelemnul.
 15012 | D:9      | XOM: torment (38/67 hp)
 15187 | D:10     | Entered Level 10 of the Dungeon
 15234 | D:10     | Reached XP level 11. HP: 74/74 MP: 9/9
 15293 | D:10     | XOM is BORED!
 15293 | D:10     | XOM: blink monster(s)
 15294 | D:10     | XOM: confusion (+ monsters)
 15307 | D:10     | Reached skill level 13 in Stealth
 15307 | D:10     | Reached skill level 1 in Shields
 15323 | D:10     | XOM: stat loss: -1 Str (11/12)
 15326 | D:10     | XOM: 4-stop teleportation journey
 15503 | D:10     | Noticed a hell knight
 15508 | D:10     | Killed a hell knight
 15565 | D:10     | Noticed a hell knight
 15565 | D:10     | Noticed a necromancer
 15565 | D:10     | Noticed a necromancer
 15618 | D:10     | Noticed a hell knight
 15620 | D:10     | Noticed a hell knight
 15626 | D:10     | XOM: silly message
 15629 | D:10     | XOM: smoke on damage
 15630 | D:10     | Killed a hell knight
 15632 | D:10     | XOM: noise
 15636 | D:10     | Killed a hell knight
 15639 | D:10     | XOM: enchant monster (bad)
 15640 | D:10     | Noticed a hell knight
 15641 | D:10     | Killed a necromancer
 15641 | D:10     | Killed a necromancer
 15642 | D:10     | Reached skill level 14 in Stealth
 15643 | D:10     | Noticed a necromancer
 15742 | D:10     | Noticed a hell knight
 15743 | D:10     | Killed a necromancer
 15745 | D:10     | Killed a hell knight
 15753 | D:10     | Killed a hell knight
 15753 | D:10     | Killed a hell knight
 15754 | D:10     | Reached skill level 15 in Stealth
 15840 | D:10     | Noticed a hell knight
 15890 | D:10     | Noticed a vault guard
 15893 | D:10     | Killed a vault guard
 15896 | D:10     | Found a portal to a secret trove of treasure.
 15973 | D:10     | Noticed Fannar
 15994 | D:10     | XOM: enchant monster (bad)
 16059 | D:9      | Slain by an orc warrior

Illustrated notes

Levels and vault maps discovered:
D:1:      elethiomel_arrival_quiet, layout_basic, nicolae_ecumenical_lake_church
D:2:      layout_rooms, basic_altar
D:3:      layout_basic, mainiacjoe_overflow_surrounded_room,
          minmay_misc_feat_doors, uniq_jessica
D:4:      layout_loops_ring, grunt_temple_overflow_open, serial_shops, shop,
          dk_noncrumbling_2, serial_bayou_pond_d
D:5:      layout_loops_cross, serial_aquarium, aquarium_bridge_square
          [aquarium_subvault_bridge, aquarium_subvault_bridge,
          aquarium_subvault_wall, aquarium_subvault_balcony],
          aquarium_bridge_square [aquarium_subvault_bridge,
          aquarium_subvault_bridge, aquarium_subvault_window,
          aquarium_subvault_window], aquarium_window_fake, aquarium_window_1,
          aquarium_window_1, aquarium_view_2d, aquarium_view_4, aquarium_pool_2,
          nicolae_wormholes, uniq_grinder, uniq_menkaure
D:6:      layout_loops_ring, mainiacjoe_overflow_small_starburst,
          minmay_pentangle
D:7:      layout_loops_ring, grunt_dithmenos_smoke_and_mirrors,
          minmay_temple_entry_hall, corexii_hall_statues_x
D:8:      layout_cave_pools, erik_lair_island, serial_shops,
          nicolae_shop_real_fake_doors
D:9:      layout_cave_pools, minmay_overflow_temple_star_hex, uniq_joseph
D:10:     layout_big_octagon, enter_trove_5, hangedman_abyss_or_decor_passed,
          minmay_rotating_lava, uniq_fannar

Skill      XL: |  1  2  3  4  5  6  7  8  9 10 11 |
---------------+----------------------------------+-----
Stealth        | 2 4 5 6 8 9 11 12 15 | 15.2
Short Blades   | 4 5 6 8 |  8.6
Dodging        | 3 4 5 6 7 |  7.4
Shapeshifting  | 1 2 3 4 6 7 |  7.2
Fighting       | 4 5 6 7 |  7.1
Evocations     | 1 2 3 |  3.1
Shields        | 2 |  2.3

Action                     |  1- 3 |  4- 6 |  7- 9 | 10-12 || total
---------------------------+-------+-------+-------+-------++-------
  Melee: Short sword       |    84 |   104 |   217 |   222 ||   627
         Tentacles         |    15 |    18 |    64 |   124 ||   221
         Constrict         |    19 |    15 |    37 |    56 ||   127
         Punch             |       |       |     3 |    10 ||    13
         Dagger            |       |       |       |   162 ||   162
  Evoke: Wand              |       |       |    12 |    15 ||    27
    Use: Scroll            |       |     8 |     9 |     2 ||    19
         Potion            |       |       |     2 |     6 ||     8
   Stab: Sleeping          |    11 |    11 |    21 |    14 ||    57
         Invisible         |       |       |     6 |     8 ||    14
         Distracted        |       |       |       |     1 ||     1
         Confused          |       |       |       |     1 ||     1
 Armour: Skin              |    27 |    42 |   120 |   166 ||   355
  Dodge: Dodged            |    54 |    43 |   187 |   185 ||   469
  Block: Buckler           |       |       |       |    28 ||    28

Table legend: (Time is in decaauts)
 A = Elapsed time spent in this place.
 B = Non-inter-level travel time spent in this place.
 C = Inter-level travel time spent in this place.
 D = Time resting spent in this place.
 E = Time spent auto-exploring this place.
 F = Levels seen in this place.
 G = Mean time per level.
                   A        B        C        D        E       F      G
               +--------+--------+--------+--------+--------+-----+--------+
         Total |  15788 |  15524 |    264 |   9033 |   4687 |  10 | 1578.8 |
       Dungeon |  15788 |  15524 |    264 |   9033 |   4687 |  10 | 1578.8 |
               +--------+--------+--------+--------+--------+-----+--------+

Top non-repeatable levels by time:
     D:1: 8649 daAuts
     D:2: 948 daAuts
     D:9: 944 daAuts
     D:7: 890 daAuts
     D:8: 842 daAuts
     D:5: 807 daAuts
    D:10: 734 daAuts
     D:4: 706 daAuts
     D:6: 681 daAuts
     D:3: 583 daAuts
